 Dungeon Crawl Stone Soup version 0.29.1-2-gbd0b4ee654 (webtiles) character file.

Game seed: 153196347680655530

47 xian the Vexing (level 3, -1/25 HPs)
             Began as a Demonspawn Enchanter on Nov 19, 2022.
             Slain by a worm (10 damage)
             ... on level 2 of the Dungeon.
             The game lasted 00:02:53 (1926 turns).

xian the Vexing (Demonspawn Enchanter)              Turns: 1926, Time: 00:02:54

Health: -1/25      AC:  2    Str: 10    XL:     3   Next: 48%
Magic:  6/6        EV: 12    Int: 16    God:
Gold:   36         SH:  0    Dex: 13    Spells: 4/6 levels left

rFire   . . .      SeeInvis .   a - +1 dagger
rCold   . . .      Faith    .   (no shield)
rNeg    . . .      Spirit   .   b - +0 robe
rPois   .          Reflect  .   (no helmet)
rElec   .          Harm     .   (no cloak)
rCorr   .          Rampage  .   (no gloves)
Will    .....                   (no boots)
Stlth   ++........              (no amulet)
HPRegen 0.08/turn               d - ring of wizardry
MPRegen 0.10/turn               (no ring)

@: no status effects
A: foul stench 1
a: no special abilities


You were on level 2 of the Dungeon.
You visited 1 branch of the dungeon, and saw 2 of its levels.

You collected 36 gold pieces.

Inventory:

Hand Weapons
 a - a +1 dagger (weapon)
Missiles
 j - 2 poisoned darts (quivered)
Armour
 b - a +0 robe (worn)
Jewellery
 d - a ring of wizardry (left hand)
Scrolls
 f - a scroll of teleportation
 g - a scroll of poison {unknown}
 i - a scroll of enchant armour {unknown}
Potions
 c - 2 potions of invisibility
 e - a potion of ambrosia {unknown}
 h - a potion of attraction {unknown}
 k - a potion of curing {unknown}


   Skills:
 + Level 0.4 Fighting
 + Level 1.4 Short Blades
 + Level 2.0 Dodging
 + Level 3.0 Stealth
 + Level 2.1 Spellcasting
 + Level 3.6 Hexes


You had 4 spell levels left.
You knew the following spells:

 Your Spells              Type           Power      Damage    Failure   Level
a - Ensorcelled Hibernat  Hex/Ice        14%        N/A       6%          2

Your spell library contained the following spells:

 Spells                   Type           Power      Damage    Failure   Level
 Confusing Touch          Hex            13%        N/A       6%          3
 Tukima's Dance           Hex            13%        N/A       6%          3
 Dazzling Flash           Conj/Hex       14%        N/A       12%         3


Dungeon Overview and Level Annotations

Branches:
Dungeon (2/15)

Altars:


Innate Abilities, Weirdness & Mutations

You may rarely emit foul miasma when damaged in melee.


Message History

You closely miss the adder.
The adder is heavily wounded.
You feel sick. The adder barely misses you.
You barely miss the adder.
The adder is heavily wounded.
You feel sick. The adder bites you.
You closely miss the adder.
The adder is heavily wounded.
You feel sick. The adder barely misses you.
The adder bites you but does no damage.
You hit the adder.
The adder is severely wounded.
You feel sick. The adder bites you but does no damage.
You hit the adder.
The adder is almost dead.
You feel sick. The adder closely misses you.
Unknown command.
You hit the adder.
You kill the adder!
You feel sick.
You are no longer poisoned.
Unknown command.
A worm comes into view.
The worm bites you!
You hit the worm but do no damage. The worm bites you but does no damage.
You hit the worm.
The worm is lightly wounded.
You barely miss the worm.
The worm is lightly wounded.
The worm barely misses you.
You barely miss the worm.
The worm is lightly wounded.
You hit the worm but do no damage.
The worm is lightly wounded.
The worm bites you!
You barely miss the worm. You hit the worm.
The worm is lightly wounded.
The worm bites you!
You die...

#...... #..##
#.....######..##
#...............
#.....####....##
#...........#.##
######.....##........
#..........##...##.##
#..........##...##.##
#..w@....#...........
#######.#........#...
#.###......#..#
#.............#
######..#....##
#####..... .....
..###


You could see a worm.

Vanquished Creatures
  An adder (D:2)
  2 dart slugs (D:1)
  6 ball pythons
  6 bats
  2 endoplasms
  3 giant cockroaches (D:1)
  A goblin (D:1)
  3 hobgoblins (D:1)
  A quokka (D:1)
  3 frilled lizards
  A kobold (D:1)
  6 rats (D:1)
35 creatures vanquished.

Notes
Turn   | Place    | Note
-------+----------+-------------------------------------------
     0 | D:1      | xian the Demonspawn Enchanter began the quest for the Orb.
     0 | D:1      | Reached XP level 1. HP: 13/13 MP: 3/3
   227 | D:1      | Gained mutation: You may rarely emit foul miasma when
                  | damaged in melee. [demonic ancestry]
   227 | D:1      | Reached XP level 2. HP: 16/19 MP: 5/5
   614 | D:1      | Found a faded altar of an unknown god.
   683 | D:1      | Reached skill level 1 in Short Blades
   987 | D:1      | Reached XP level 3. HP: 7/24 MP: 6/6
   990 | D:1      | Learned a level 2 spell: Ensorcelled Hibernation
  1926 | D:2      | Slain by a worm

Illustrated notes

Levels and vault maps discovered:
D:1:      lemuel_arrival_behind_the_door_small, layout_loops_ring,
          hellmonk_ecumenical_altar_crossroads
D:2:      layout_basic, hangedman_abyss_or_decor_lesser_grid

Skill      XL: |  1  2 |
---------------+-------+-----
Short Blades   | 1 |  1.4
Dodging        | 2 |  2.0
Stealth        | 3 |  3.0
Fighting       | |  0.4
Spellcasting   | |  2.1
Hexes          | |  3.6

Action                   || total
-------------------------++-------
Melee: Dagger            ||   122
       Punch             ||     1
  Use: Scroll            ||     1
 Stab: Sleeping          ||     4
Armor: Robe              ||    43
Dodge: Dodged            ||    92
